 Dungeon Crawl Stone Soup version 0.21-a0-414-gba8bdf1 (webtiles) character file.

42 Dysjunc the Skirmisher (level 3, 0/31 HPs)
             Began as a Gnoll Wanderer on Nov 2, 2017.
             Slain by an adder (2 damage)
             ... on level 1 of the Dungeon.
             The game lasted 00:05:04 (1581 turns).

Dysjunc the Skirmisher (Gnoll Wanderer)             Turns: 1581, Time: 00:05:05

Health: 0/31       AC:  2    Str: 14    XL:     3   Next: 56%
Magic:  7/7        EV: 13    Int: 15    God:
Gold:   81         SH:  0    Dex: 14    Spells: 6/7 levels left

rFire    . . .     SeeInvis .   a - +2 dagger
rCold    . . .     Gourm    .   (no shield)
rNeg     . . .     Faith    .   e - +0 robe
rPois    .         Spirit   .   (no helmet)
rElec    .         Reflect  .   (no cloak)
rCorr    .         Harm     .   (no gloves)
MR       .....                  (no boots)
Stlth    +++.......             (no amulet)
HPRegen  0.10/turn              m - ring of wizardry
MPRegen  0.10/turn              (no ring)

@: no status effects
A: distributed training, fangs 1, strong nose
a: no special abilities


You were on level 1 of the Dungeon.
You were very hungry.

You visited 1 branch of the dungeon, and saw 2 of its levels.

You collected 81 gold pieces.

Inventory:

Hand Weapons
 a - a +2 dagger (weapon)
 c - a +0 spear
Missiles
 l - 26 stones (quivered)
 q - 9 poisoned needles
Armour
 e - a +0 robe (worn)
Jewellery
 m - a ring of wizardry (left hand)
Scrolls
 i - a scroll of enchant weapon
Books
 d - the Collected Works on Flames

   Spells                             Type                      Level
   a - Flame Tongue                   Conjuration/Fire             1
   b - Conjure Flame                  Conjuration/Fire             3
Comestibles
 f - 3 bread rations
 r - a meat ration


   Skills:
 + Level 4.5 Fighting
 + Level 0.8 Short Blades
 + Level 0.8 Long Blades
 + Level 0.8 Axes
 + Level 0.8 Maces & Flails
 + Level 0.8 Polearms
 + Level 0.8 Staves
 + Level 0.8 Slings
 + Level 0.8 Bows
 + Level 0.8 Crossbows
 + Level 0.8 Throwing
 + Level 0.8 Armour
 + Level 2.6 Dodging
 + Level 4.1 Stealth
 + Level 2.6 Shields
 + Level 0.8 Unarmed Combat
 + Level 2.8 Spellcasting
 + Level 0.5 Conjurations
 + Level 0.5 Hexes
 + Level 2.1 Charms
 + Level 2.1 Summonings
 + Level 0.5 Necromancy
 + Level 0.5 Translocations
 + Level 0.5 Transmutations
 + Level 0.5 Fire Magic
 + Level 0.5 Ice Magic
 + Level 0.5 Air Magic
 + Level 0.5 Earth Magic
 + Level 0.5 Poison Magic
 + Level 1.0 Invocations
 + Level 2.6 Evocations


You had 6 spell levels left.
You knew the following spells:

 Your Spells              Type           Power        Failure   Level  Hunger
q - Flame Tongue          Conj/Fire      #....        6%          1    #......


Dungeon Overview and Level Annotations

Branches:
Dungeon (2/15)

Altars:


Innate Abilities, Weirdness & Mutations

Your experience applies equally to all skills.
You have very sharp teeth.
Your uncanny sense of smell can sniff out nearby items.


Message History

* * * LOW HITPOINT WARNING * * *
You aren't carrying any potions.
As you read the scroll labeled RAATYU RUGROU, it crumbles to dust.
You feel momentarily disoriented.
It was a scroll of magic mapping.
The kobold barely misses you. The adder bites you but does no damage.
As you read the scroll labeled YXOSUA ITOASUI, it crumbles to dust.
It is a scroll of identify.
i - a scroll of enchant weapon The adder bites you.
* * * LOW HITPOINT WARNING * * *
The kobold closely misses you.
As you read the scroll labeled TOSYOQ FAAGH, it crumbles to dust.
You feel blessed for a moment.
It was a scroll of remove curse.
The adder misses you. The kobold closely misses you. The adder bites you.
* * * LOW HITPOINT WARNING * * *
As you read the scroll labeled KUOCIGROEMYO, it crumbles to dust.
The scroll dissolves into smoke.
It was a scroll of fog.
You feel sick.
You are no longer poisoned.
The kobold hits you but does no damage. The adder bites you.
You die...

#.....#...###.##.# ####
#.......#..##.##.## #..##
#.............#...#####
##...
#..........#....#.)...#
##...≈
#.#.#.....###.#...###.#
##..#.. #.#...........#..##
#.#####..###.
#.#............#.##
#.......##..≈
#.#...........###S#
#.###....##.≈
#.###.....####.#@## #.#
##..##..≈ #.# ##....# ##K##
#.# ####...≈ #.# ##..)# #§##
#.# ##..... #.# #.### #..#
#.#####.≈≈≈≈. #.# #.# ##.#
#.....#...≈≈≈ #.#####.####
#.# ########....≈
#..........# #.# #.###..≈
#######.##.#####.#########.#
#### #.##.................#
#


You could see an adder and a kobold.

Vanquished Creatures
  Terence (D:1)
  A dart slug (D:1)
  3 bats (D:1)
  4 goblins (D:1)
  A hobgoblin (D:1)
  A kobold (D:1)
  6 rats (D:1)
17 creatures vanquished.

Notes
Turn   | Place    | Note
-------+----------+-------------------------------------------
     0 | D:1      | Dysjunc the Gnoll Wanderer began the quest for the Orb.
     0 | D:1      | Dysjunc set off with: a +2 dagger, a potion of berserk rage, a +0 spear, the Collected Works on Flames, a +0 robe, a bread ration
     0 | D:1      | Reached XP level 1. HP: 20/20 MP: 4/4
     0 | D:1      | Identified the Collected Works on Flames
     2 | D:1      | Learned a level 1 spell: Flame Tongue
   123 | D:1      | Reached XP level 2. HP: 22/26 MP: 5/5
  1140 | D:2      | Noticed Terence
  1175 | D:1      | Killed Terence
  1175 | D:1      | Reached skill level 1 in Invocations
  1175 | D:1      | Reached XP level 3. HP: 10/31 MP: 7/7
  1581 | D:1      | Slain by an adder

Vault maps used:
D:1:      dpeg_arrival_subterranean_lakeside_camping
D:2:      first_bread, grunt_ministairs_14, uniq_robin, uniq_natasha,
          uniq_terence

Skill      XL: |  1  2 |
---------------+-------+-----
Charms         | 2 |  2.1
Summonings     | 2 |  2.1
Invocations    | 1 |  1.0
Fighting       | |  4.5
Short Blades   | |  0.8
Long Blades    | |  0.8
Axes           | |  0.8
Maces & Flails | |  0.8
Polearms       | |  0.8
Staves         | |  0.8
Slings         | |  0.8
Bows           | |  0.8
Crossbows      | |  0.8
Throwing       | |  0.8
Armour         | |  0.8
Dodging        | |  2.6
Stealth        | |  4.1
Shields        | |  2.6
Unarmed Combat | |  0.8
Spellcasting   | |  2.8
Conjurations   | |  0.5
Hexes          | |  0.5
Necromancy     | |  0.5
Translocations | |  0.5
Transmutations | |  0.5
Fire Magic     | |  0.5
Ice Magic      | |  0.5
Air Magic      | |  0.5
Earth Magic    | |  0.5
Poison Magic   | |  0.5
Evocations     | |  2.6

Action                   || total
-------------------------++-------
Melee: Dagger            ||    64
       Bite              ||     4
 Cast: Flame Tongue      ||     1
  Use: Potion            ||     3
       Scroll            ||     4
 Stab: Sleeping          ||     7
  Eat: Chunk             ||     1
Armor: Robe              ||     9
Dodge: Dodged            ||    41

Table legend:
 A = Spawn XP
 B = Non-spawn XP
 C = Spawn XP percentage of total XP
 D = Spawn monster count
 E = Non-spawn monster count
 F = Spawn count percentage of total count
 G = Total turns spent on level
                    A         B        C        D         E        F      G
               +---------+---------+-------+---------+---------+-------+---------
         Total |       0 |      61 |   0.0 |       0 |      17 |   0.0 |  1581
               +---------+---------+-------+---------+---------+-------+---------
           D:1 |       0 |      61 |   0.0 |       0 |      17 |   0.0 |  1566
               +---------+---------+-------+---------+---------+-------+---------
